 Dungeon Crawl Stone Soup version 0.29-a0-994-gc5c9f59d18 (webtiles) character file.

Game seed: 12400683209715652557

65 Sobieck the Chopper (level 3, 0/31 HPs)
             Began as a Palentonga Abyssal Knight on Aug 4, 2022.
             Was a Priest of Lugonu.
             Slain by a gnoll
             ... wielding a +0 spear
             ... led by a gnoll bouda
              (5 damage)
             ... on level 2 of the Dungeon.
             The game lasted 00:03:12 (2110 turns).

Sobieck the Chopper (Palentonga Abyssal Knight)     Turns: 2110, Time: 00:03:12

Health: 0/31       AC:  8    Str: 20    XL:     3   Next: 92%
Magic:  4/4        EV:  3    Int: 10    God:    Lugonu [***...]
Gold:   79         SH:  0    Dex: 10    Spells: 2/2 levels left

rFire   . . .      SeeInvis +   a - +1 hand axe {axe}
rCold   . . .      Faith    .   (no shield)
rNeg    . . .      Spirit   .   r - +0 plate armour
rPois   .          Reflect  .   (no helmet)
rElec   .          Harm     .   k - scarf {shadows}
rCorr   .          Rampage  .   (no gloves)
Will    .....                   (no barding)
Stlth   ..........              (no amulet)
HPRegen 0.10/turn               (no ring)
MPRegen 0.09/turn               (no ring)

@: no status effects
A: large, rugged brown scales 3, see invisible, deformed body, roll 1, armoured
tail
a: Rolling Charge, Renounce Religion, Depart the Abyss, Bend Space, Banish


You were on level 2 of the Dungeon.
You worshipped Lugonu.
Lugonu was most pleased with you.
You visited 1 branch of the dungeon, and saw 3 of its levels.
You visited the Abyss 1 time.

You collected 79 gold pieces.


Innate Abilities, Weirdness & Mutations

You are completely covered in rugged brown scales. (AC +3, +7% HP)
You have supernaturally acute eyesight. (SInv)
Armour fits poorly on your strangely shaped body.
You can roll at nearby foes to attack.
You have a long armoured tail.


   Skills:
 - Level 3.0 Fighting
 + Level 4.3 Axes
 - Level 1.5 Armour
 - Level 0.7 Dodging
 - Level 2.0 Invocations


You had 2 spell levels left.
You didn't know any spells.
Your spell library contained the following spells:

 Spells                   Type           Power      Damage    Failure   Level
 Beastly Appendage        Tmut           0%         N/A       100%        1
 Wereblood                Tmut           0%         N/A       100%        2
 Spider Form              Tmut/Pois      0%         N/A       100%        3

Inventory:

Hand Weapons
 a - a +1 hand axe (weapon) {axe}
Missiles
 h - 15 stones {throwing}
Armour
 b - a +0 leather armour
 d - a +0 leather armour
   (You took it off a goblin on level 2 of the Dungeon)
 j - a +0 scale mail
   (You found it on level 1 of the Dungeon)
 k - a scarf of shadows (worn)
   (You found it on level 1 of the Dungeon)
 l - a +0 leather armour
   (You found it on level 2 of the Dungeon)
 m - a +0 leather armour
   (You found it on level 1 of the Dungeon)
 n - a +0 robe
   (You found it on level 1 of the Dungeon)
 q - a +0 robe
   (You found it on level 2 of the Dungeon)
 r - a +0 plate armour (worn)
   (You found it on level 2 of the Dungeon)
Magical Staves
 p - a staff of earth {!astaff}
   (You found it on level 2 of the Dungeon)
Scrolls
 i - a scroll of noise {unknown}
Potions
 c - a potion of invisibility
 e - a potion of attraction {!q}
 f - 5 potions of curing {@q1}
 g - 4 potions of lignification {unknown}
 o - a potion of mutation {unknown}
 s - a potion of degeneration {unknown}

Dungeon Overview and Level Annotations

Branches:
Dungeon (3/15) Zot: 15873

Altars:

Shops:
D:1 *   D:2 *

Annotations:
D:3 Ijyb

#....#.#.######.....
#....#.#.# #.....
#....#.#.# #.....
#....#.#.# #.....
#....#.#.# #.....
#....#.#.######.....
#gg.....<)..........
##>.#############...
##@#.#.#...#.#.###.
#.##.#..#..#.## #.
#.#.#..###..#.# #.
#.##).##.##..## #.
#.#..##...##..# #.
#...##........# #.
###..##...##..# #.
##..##.##..## #.
#.#..###..#.# ##


You could see 2 gnolls.


Message History

No target in view!
Okay, then.
Unknown command.
You start removing your armour.
You continue taking off your +0 leather armour. x4
You finish taking off your +0 leather armour.
You start putting on your armour.
You continue putting on your +0 plate armour. x5
You finish putting on your +0 plate armour.
A quokka and a rat come into view.
Danger!
You roll forward with a clatter of scales!
You hit the rat.
You kill the rat!
Lugonu accepts your kill.
You closely miss the quokka.
Your tail-slap misses the quokka.
The quokka bites you but does no damage. x2
You closely miss the quokka.
The quokka bites you but does no damage.
You slash the quokka!
You kill the quokka!
Lugonu accepts your kill.
No target in view!
No target in view!
s - a ruby potion You now have 79 gold pieces (gained 17).
A ball python comes into view.
The ball python hisses angrily.
The ball python bites you.
Danger!
Unknown command.
Your movement speed is average.
Your attack delay is about 1.0.
Unknown command.
You hit the ball python.
The ball python bites you but does no damage. x2
You hit the ball python.
You kill the ball python!
Lugonu accepts your kill.
No target in view!
No target in view!
You see here a ball python corpse.
Done exploring.
Done exploring.
There is a stone staircase leading down here.
You climb downwards.
There is a stone staircase leading up here.
Danger!
Unknown command.
There's nothing you can charge at!
You roll forward with a clatter of scales!
You hit the giant cockroach.
The giant cockroach bites you but does no damage.
You hit the giant cockroach.
You kill the giant cockroach!
Lugonu accepts your kill.
No target in view!
A bat comes into view.
Danger!
You roll forward with a clatter of scales!
You closely miss the bat. The bat barely misses you.
The bat hits you but does no damage.
Unknown command.
The bat hits you but does no damage. x2
There's nothing you can charge at!
You closely miss the bat. The bat hits you but does no damage. x3
You hit the bat but do no damage. You tail-slap the bat.
You kill the bat!
Lugonu accepts your kill.
No target in view!
There's nothing you can charge at! 2 gnolls come into view.
The gnoll shouts!
A gnoll comes into view. It is wielding a +0 whip.
Danger!
A gnoll bouda comes into view. It is wielding a +0 club.
Found an escape hatch in the floor.
The gnoll shouts!
Ijyb the Twisted Goblin comes into view.
She is wielding a +0 dagger, wearing a +1 leather armour of willpower and carrying a wand of digging (2).
Unknown command.
Unknown command.
There is a stone staircase leading up here.
The gnoll bouda barks out a call to the hunt!
The gnolls pick up the pace!
The gnoll hits you but does no damage.
There is a stone staircase leading up here.
Unknown command.
The gnoll hits you with a +0 spear. The gnoll hits you with a +0 whip.
There is a stone staircase leading up here.
Unknown command.
The gnoll hits you with a +0 spear.
* * * LOW HITPOINT WARNING * * *
The gnoll hits you from afar with a +0 halberd!
* * * LOW HITPOINT WARNING * * *
The gnoll hits you with a +0 whip.
* * * LOW HITPOINT WARNING * * *
You climb upwards.
There is a stone staircase leading down here.
Unknown command.
The gnoll hits you from afar with a +0 spear.
You die...

Skill      XL: |  1  2  3 |
---------------+----------+-----
Axes           | 3 4 |  4.3
Fighting       | |  3.0
Armour         | |  1.5
Dodging        | |  0.7
Invocations    | |  2.0

Action                   || total
-------------------------++-------
Melee: Hand axe          ||   119
       Tailslap          ||     7
       Punch             ||     1
 Abil: Rolling Charge    ||    29
  Use: Scroll            ||     6
Armor: Leather armour    ||    30
       Plate armour      ||    13
Dodge: Dodged            ||    50

Levels and vault maps discovered:
D:1:      giann_horns, layout_loops_ring, serial_shops, nicolae_lakefront_shop,
          dreamdust_ecumenical_altar_hidden_monk_grotto, lemuel_flame_loot_1
D:2:      minmay_diamond_boxcup, layout_basic, serial_shops, shop
D:3:      layout_rooms, nzn_hepliaklqana_mist_gate,
          chequers_serial_rivers_room_a, nicolae_grassy_gnolls, uniq_terence,
          uniq_ijyb

Notes
Turn   | Place    | Note
-------+----------+-------------------------------------------
     0 | Abyss:1  | Sobieck the Palentonga Abyssal Knight began the quest for
                  | the Orb.
     0 | Abyss:1  | Reached XP level 1. HP: 19/19 MP: 2/2
     1 | D:1      | You pass through the gate.
     1 | D:1      | Escaped the Abyss
   296 | D:1      | Reached XP level 2. HP: 25/25 MP: 3/3
   727 | D:1      | Reached skill level 3 in Axes
   807 | D:1      | Found Lebben's Assorted Antiques.
  1032 | D:1      | Found a faded altar of an unknown god.
  1180 | D:2      | You pick up a book of Changes and begin reading...
  1180 | D:2      | You add the spells Beastly Appendage, Wereblood and Spider
                  | Form to your library.
  1269 | D:2      | Reached XP level 3. HP: 31/31 MP: 4/4
  1395 | D:2      | Reached *** piety under Lugonu
  1504 | D:2      | Reached skill level 4 in Axes
  1539 | D:2      | Found Zagg's Assorted Antiques.
  2092 | D:3      | Noticed Ijyb
  2108 | D:3      | HP: 5/31 [gnoll/+0 whip[a gnoll bouda] (3)]
  2110 | D:2      | Slain by a gnoll

Vanquished Creatures
  An adder (D:2)
  A worm (D:2)
  A dart slug (D:1)
  7 ball pythons
  6 endoplasms
  4 giant cockroaches
  3 goblins
  5 hobgoblins
  4 kobolds
  3 quokkas
  5 bats
  3 frilled lizards (D:1)
  5 rats
48 creatures vanquished.

Vanquished Creatures (others)
  A plant (D:1)
1 creature vanquished.

Grand Total: 49 creatures vanquished

Table legend:
 A = Non-vault XP
 B = Vault XP
 C = Vault XP percentage of total XP
 D = Non-vault monster count
 E = Vault monster count
 F = Vault count percentage of total count
                 A         B        C        D         E       F
            +---------+---------+-------+---------+---------+-------
      Total |      80 |      13 |  14.0 |      40 |       8 |  16.7
            +---------+---------+-------+---------+---------+-------
        D:1 |      30 |       0 |   0.0 |      18 |       0 |   0.0
        D:2 |      47 |      13 |  21.7 |      20 |       8 |  28.6
        D:3 |       3 |       0 |   0.0 |       2 |       0 |   0.0
            +---------+---------+-------+---------+---------+-------

Illustrated notes

Table legend:
 A = Kills in this place as a percentage of kills in entire the game.
 B = Kills by you in this place as a percentage of kills by you in the entire game.
 C = Kills by friends in this place as a percentage of kills by friends in the entire game.
 D = Other kills in this place as a percentage of other kills in the entire game.
 E = Experience gained in this place as a percentage of experience gained in the entire game.
 F = Experience gained in this place divided by the number of levels of this place that you have seen.
                   A       B       C       D       E      F
               +-------+-------+-------+-------+-------+----------------------
         Total | 100.0 | 100.0 |   N/A |   N/A | 100.0 |  23.2
       Dungeon | 100.0 | 100.0 |   N/A |   N/A | 100.0 |  31.0
               +-------+-------+-------+-------+-------+----------------------

Table legend: (Time is in decaauts)
 A = Elapsed time spent in this place.
 B = Non-inter-level travel time spent in this place.
 C = Inter-level travel time spent in this place.
 D = Time resting spent in this place.
 E = Time spent auto-exploring this place.
 F = Levels seen in this place.
 G = Mean time per level.
                   A        B        C        D        E       F      G
               +--------+--------+--------+--------+--------+-----+--------+
         Total |   2126 |   2059 |     67 |    171 |   1605 |   4 |  531.5 |
       Dungeon |   2125 |   2058 |     67 |    171 |   1605 |   3 |  708.3 |
         Abyss |      1 |      1 |      0 |      0 |      0 |   1 |    1.0 |
               +--------+--------+--------+--------+--------+-----+--------+

Top non-repeatable levels by time:
     D:1: 1154 daAuts
     D:2: 935 daAuts
     D:3: 35 daAuts
 Abyss:1: 1 daAuts
